[Event "ICC tourney 2494 (25 5)"]
[Site "Internet Chess Club"]
[Date "2021.04.04"]
[Round "6"]
[White "ALI MARANDI, CEMIL CAN:SLU-AliMarandi"]
[Black "SCHMAKEL, SAMUEL ARTHUR:TTU-Schmakel"]
[Result "1-0"]
[ICCResult "Black resigns"]
[WhiteElo "2617"]
[BlackElo "2490"]
[Opening "French: Tarrasch, open variation"]
[ECO "C07"]
[NIC "FR.19"]
[Time "18:01:46"]
[TimeControl "1500+5"]

1. e4 e6 2. d4 d5 3. Nd2 c5 4. exd5 Qxd5 5. Ngf3 cxd4 6. Bc4 Qd7 7. O-O Nc6
8. Nb3 Nf6 9. Qe2 Bd6 10. Rd1 Qc7 11. Nbxd4 Nxd4 12. Rxd4 a6 13. Bg5 b5 14.
Rad1 Bc5 15. Rd8+ Qxd8 16. Rxd8+ Kxd8 17. Ne5 Kc7 18. Nxf7 Rf8 19. Qe5+ Kc6
20. Be3 Rxf7 21. Qxc5+ Kd7 22. Bxe6+ Kxe6 23. Qc6+ Kf5 24. Qxa8 Bb7 25. Qb8
Rd7 26. h3 h6 27. Qf4+ Ke6 28. Bd4 Bd5 29. b3 Kf7 30. Bxf6 gxf6 31. Qxh6 Be4
32. c4 bxc4 33. bxc4 Rc7 34. Qh5+ Ke6 35. Qe2 f5 36. f3 {Black resigns} 1-0

[Event "ICC tourney 2494 (25 5)"]
[Site "Internet Chess Club"]
[Date "2021.04.04"]
[Round "6"]
[White "GABUZYAN, HOVHANNES:RIO-Gabuzyan"]
[Black "QUESADA PEREZ, YUNIESKY:WEB-Quesada"]
[Result "1-0"]
[ICCResult "Black forfeits on time"]
[WhiteElo "2664"]
[BlackElo "2669"]
[Opening "Bird's opening"]
[ECO "A03"]
[NIC "VO.07"]
[Time "18:00:17"]
[TimeControl "1500+5"]

1. f4 d5 2. Nf3 Nf6 3. g3 g6 4. Bg2 Bg7 5. O-O b6 6. d3 Bb7 7. Nbd2 c5 8. e4
dxe4 9. dxe4 Nxe4 10. Ng5 Nd6 11. Nde4 Nxe4 12. Qxd8+ Kxd8 13. Nxe4 Nd7 14.
c3 f5 15. Ng5 Bxg2 16. Kxg2 Kc8 17. Ne6 Bf6 18. Rd1 Nf8 19. Ng5 h6 20. Nf3
Kc7 21. a4 Nd7 22. a5 Rhd8 23. Be3 b5 24. a6 Kc6 25. b4 cxb4 26. cxb4 Bxa1
27. Rxa1 Kd5 28. Nd4 Nb6 29. Nxb5 Kc4 30. Nc7 Rab8 31. b5 Rd3 32. Rc1+ Kb3
33. Kf2 g5 34. Rc6 Nc4 35. b6 Nxe3 36. Ke2 Rbd8 37. Ne6 Rd2+ 38. Ke1 Ng2+
39. Kf1 Ne3+ 40. Ke1 Ng2+ 41. Kf1 R8d5 42. b7 {Black forfeits on time} 1-0

[Event "ICC tourney 2494 (25 5)"]
[Site "Internet Chess Club"]
[Date "2021.04.04"]
[Round "6"]
[White "HAKOBYAN, ARAM:WEB-Hakobyan"]
[Black "DRAGUN, KAMIL:RIO-Dragun"]
[Result "1/2-1/2"]
[ICCResult "Game drawn by mutual agreement"]
[WhiteElo "2683"]
[BlackElo "2611"]
[Opening "Queen's pawn game"]
[ECO "E10"]
[NIC "QI.01"]
[Time "18:00:17"]
[TimeControl "1500+5"]

1. d4 Nf6 2. c4 e6 3. Nf3 d5 4. g3 Bb4+ 5. Bd2 Be7 6. Bg2 c6 7. Qc2 Nbd7 8.
O-O O-O 9. Bf4 b6 10. cxd5 cxd5 11. Rc1 Bb7 12. Bc7 Qe8 13. Qb3 Rc8 14. Na3
Ba6 15. Nb5 Ne4 16. a4 Bxb5 17. axb5 Ndc5 18. dxc5 Rxc7 19. c6 Bc5 20. e3
Qe7 21. Ne5 Bd6 22. Nd3 Nc5 23. Nxc5 Bxc5 24. Ra4 f5 25. Rca1 Rf7 26. Qc3
Bd6 27. Rd1 Qf6 28. Qb3 Bc5 29. Qa2 g6 30. Rc1 Bd6 31. Rd4 Kg7 32. Rcd1 Bc5
33. R4d3 Bf8 34. h4 h5 35. Qb3 Bc5 36. Bxd5 exd5 37. Rxd5 Rce7 38. Kg2 Kh6
39. Rd8 Qe5 40. R1d7 Rxd7 41. cxd7 Qf6 {Game drawn by mutual agreement}
1/2-1/2

[Event "ICC tourney 2494 (25 5)"]
[Site "Internet Chess Club"]
[Date "2021.04.04"]
[Round "6"]
[White "BELOUS, VLADIMIR:RIO-Belous"]
[Black "CORDOVA DAZA, EMILIO:WEB-Cordova"]
[Result "1-0"]
[ICCResult "Black resigns"]
[WhiteElo "2620"]
[BlackElo "2655"]
[Opening "Réti opening"]
[ECO "A30"]
[NIC "QP.10"]
[Time "18:00:22"]
[TimeControl "1500+5"]

1. Nf3 c5 2. c4 b6 3. Nc3 Bb7 4. d4 cxd4 5. Nxd4 Nf6 6. f3 e6 7. e4 d6 8.
Be3 Be7 9. Be2 O-O 10. O-O Nbd7 11. Qd2 a6 12. a4 Rc8 13. a5 Re8 14. Nb3
bxa5 15. Nxa5 Ba8 16. b4 Qc7 17. Rfc1 d5 18. c5 dxe4 19. Bxa6 exf3 20. Bxc8
Ng4 21. Bf4 Qxc8 22. c6 Nde5 23. h3 Rd8 24. Qc2 Bxb4 25. hxg4 Bc5+ 26. Kh1
fxg2+ 27. Qxg2 Nd3 28. Nb7 Nxf4 29. Qf3 Rd3 30. Rxa8 Qxa8 31. Qxf4 Bb6 32.
Ne4 h6 33. c7 Bxc7 34. Rxc7 Rd1+ 35. Kg2 Qa2+ 36. Nf2 e5 37. Rc8+ Kh7 38.
Qf5+ g6 39. Qf6 {Black resigns} 1-0

[Event "ICC tourney 2494 (25 5)"]
[Site "Internet Chess Club"]
[Date "2021.04.04"]
[Round "6"]
[White "BRUZON BATISTA, LAZARO:WEB-Bruzon"]
[Black "BARTEL, MATEUSZ:RIO-Bartel"]
[Result "0-1"]
[ICCResult "White forfeits on time"]
[WhiteElo "2725"]
[BlackElo "2710"]
[Opening "Réti: advance variation"]
[ECO "A09"]
[NIC "RE.17"]
[Time "18:00:16"]
[TimeControl "1500+5"]

1. Nf3 d5 2. c4 d4 3. b4 Bg4 4. Qb3 Nf6 5. g3 Bxf3 6. Qxf3 c6 7. Bg2 e5 8.
b5 e4 9. Qb3 Nbd7 10. O-O Nc5 11. Qd1 cxb5 12. cxb5 Be7 13. d3 exd3 14. exd3
a6 15. Ba3 axb5 16. Bxc5 Bxc5 17. Bxb7 Rb8 18. Bc6+ Kf8 19. Qb3 h5 20. Nd2
h4 21. Nf3 Qc7 22. Rac1 Rh5 23. Bxb5 hxg3 24. hxg3 Qb7 25. Bc6 Qc8 26. Qa4
Qh3 27. Nh4 Ng4 {White forfeits on time} 0-1

[Event "ICC tourney 2494 (25 5)"]
[Site "Internet Chess Club"]
[Date "2021.04.04"]
[Round "6"]
[White "BARYSHPOLETS, ANDREY:TTU-Baryshpolet"]
[Black "SWIERCZ, DARIUSZ:SLU-Swiercz"]
[Result "1-0"]
[ICCResult "Black resigns"]
[WhiteElo "2647"]
[BlackElo "2733"]
[Opening "Catalan: closed"]
[ECO "E01"]
[NIC "CA.01"]
[Time "18:00:25"]
[TimeControl "1500+5"]

1. d4 Nf6 2. c4 e6 3. g3 d5 4. Bg2 Bb4+ 5. Bd2 Be7 6. Nf3 O-O 7. O-O Nbd7 8.
Qc2 c6 9. Rd1 b6 10. b3 a5 11. Bc3 Ne4 12. Ne5 Nxe5 13. Bxe4 Ng6 14. Bg2 f5
15. e3 Nh8 16. Nd2 Nf7 17. Nf3 Bd7 18. a4 g5 19. Qb2 Qc7 20. Rdc1 Qa7 21.
Ne1 Rac8 22. Nd3 Rfd8 23. Qd2 Ra8 24. Bb2 Rdb8 25. Ba3 Bc8 26. Bxe7 Qxe7 27.
b4 axb4 28. Nxb4 Bd7 29. c5 bxc5 30. Rxc5 Nd8 31. a5 Qd6 32. Nd3 Be8 33.
Rcc1 Ra7 34. Nc5 Nb7 35. Nxb7 Rbxb7 36. Bf1 h5 37. a6 Rh7 38. Rab1 h4 39.
Qb4 Qxb4 40. Rxb4 Bd7 41. Rb8+ Kf7 42. Rcb1 Ke7 43. R1b7 Rxb7 44. axb7 hxg3
45. hxg3 Kd6 46. Rd8 {Black resigns} 1-0

[Event "ICC tourney 2494 (25 5)"]
[Site "Internet Chess Club"]
[Date "2021.04.04"]
[Round "6"]
[White "BOK, BENJAMIN:SLU-Bok"]
[Black "VORONTSOV, PAVLO:TTU-Vorontsov"]
[Result "0-1"]
[ICCResult "White resigns"]
[WhiteElo "2668"]
[BlackElo "2631"]
[Opening "QGD: Ragozin variation"]
[ECO "D38"]
[NIC "NI.27"]
[Time "18:00:28"]
[TimeControl "1500+5"]

1. Nf3 d5 2. d4 Nf6 3. c4 e6 4. Nc3 Bb4 5. cxd5 exd5 6. Bf4 O-O 7. e3 Bf5 8.
Qb3 c5 9. dxc5 Nc6 10. Rd1 Qa5 11. a3 Bxc5 12. Be2 Bb6 13. O-O Be6 14. Ng5
Rad8 15. Nxe6 fxe6 16. Nb5 a6 17. Nd6 Rd7 18. Qc2 Qc5 19. Qxc5 Bxc5 20. Nxb7
Rxb7 21. Rc1 Ne4 22. b4 Nxb4 23. axb4 Rxb4 24. Bxa6 Rb2 25. Bd3 Nxf2 26.
Rxf2 Rxf4 27. exf4 Bxf2+ 28. Kf1 Be3 29. Rc8+ Kf7 30. Bxh7 Rf2+ 31. Ke1 Rxg2
32. Bg8+ Ke7 33. Rc6 Bxf4 34. Rxe6+ Kf8 35. Bh7 Kf7 36. Re2 Rxe2+ 37. Kxe2
Bxh2 38. Ke3 Be5 39. Bf5 Kf6 40. Bc8 Kg5 41. Be6 d4+ 42. Ke4 Bf6 43. Bc4 Kg4
44. Be6+ Kg3 45. Bc8 g5 46. Bd7 g4 47. Bf5 Kh4 48. Kf4 g3 49. Kf3 Kg5 50.
Bd3 Be5 51. Bf1 Kf6 52. Bh3 Ke7 53. Ke4 Kd6 54. Bf1 Kc5 55. Kd3 Kb4 56. Bg2
Kb3 57. Bf1 Kb2 58. Kd2 Bf4+ 59. Kd3 Be3 60. Bh3 Kc1 61. Ke2 Kc2 62. Bf5+
Kc3 63. Be4 Bf4 64. Bf5 Bd6 65. Bg6 Be7 66. Bf5 Bh4 67. Be4 d3+ 68. Kd1 Kd4
69. Bc6 Ke3 70. Bd5 d2 71. Bc6 Bg5 72. Bd5 Kf2 73. Bc6 g2 74. Bxg2 Kxg2
{White resigns}
0-1